Lorskel, lawful male human Samurai ---- --..| --- |...-- --.----- --....-- |......-- |......| ------......------ --)%...| |..---........|..---- --.|..| |..%..).............| |.|--- |......)...<........| |.| ---...--)%.........--- |.| |....--|...........| ----- |.| ---.-- -----......-| --...| . |.--- |...| --.......---....-------------R- |...----.------- |....).................*....@.| |........| |..| |..............(..------------- -----..--- |..-------..................| ---- --.....)...................-- ---------..--^..--......--- |...|-----|..--..| |...| -------- ----- Lorskel the Ninja Experience level: 9 Strength: 25 Dexterity: 16 Constitution: 20 Intelligence: 9 Wisdom: 8 Charisma: 8 Health: 95(106) Energy: 32(32) AC: 3 Gold: 58 Moves: 2948 Your Inventory: Coins $ - 58 gold pieces Weapons a - a blessed rusty +2 katana (weapon in hand) b - an uncursed +3 wakizashi c - an uncursed +0 yumi (alternate weapon; not wielded) d - 37 uncursed +0 ya (in quiver) A - 11 [uncursed +0] arrows of detonation Armor e - an uncursed rustproof +0 splint mail (being worn) f - an uncursed thoroughly rusty +0 orcish helm (being worn) n - an uncursed thoroughly rusty +0 pair of gauntlets of power (being worn) G - an [uncursed +0] pair of yugake M - an uncursed rusty +0 pair of iron shoes (being worn) Comestibles k - 2 uncursed gunyoki F - an [uncursed] K-ration H - 3 [uncursed] C-rations Scrolls O - an [uncursed] scroll of create monster Potions N - an [uncursed] orange potion [of restore ability] Rings j - a blessed +2 ring of gain constitution (on right hand) t - an uncursed ring of slow digestion (on left hand) P - an [uncursed] pearl ring [of sustain ability] Wands i - an uncursed wand of make invisible (0:6) Tools u - an uncursed magic whistle B - an [uncursed] key [skeleton key] E - an [uncursed +0] unicorn horn L - an [uncursed +0] pick-axe Q - an [uncursed] partly used [wax] candle (lit) Spells known in the end: Name Level Category Fail Memory Your skills at the end: Fighting Skills martial arts [Basic / Master] Weapon Skills short sword [Basic / Expert] long sword [Skilled / Expert] bow [Basic / Expert] Spellcasting Skills Final Attributes: You were piously aligned. Hunger level was 873. Your alignment was 24 / 24. Monster difficulty range was 1 - 9. Level difficulty was 10. You had slower digestion. You were fast. You were lucky (2). You survived. Vanquished creatures: 2 sergeants 2 small mimics 2 mariliths a gelatinous cube a leather golem 4 soldiers a succubus 3 giant spiders a dog a housecat a gray unicorn 2 human zombies 2 soldier ants 5 Mordor orcs 14 gnome lords 4 gnomish wizards a wax golem a little dog 2 dwarves a homunculus a centipede 2 killer bees a gas spore a large kobold a giant rat 46 gnomes 4 garter snakes 2 geckos 2 jackals a fox a goblin 2 sewer rats a grid bug 4 lichens 2 kobold zombies 2 newts 124 creatures vanquished. Voluntary challenges: You used a wielded weapon 156 times. You read items or engraved 10 times. You put on armor 7 times. You never genocided any monsters. You never polymorphed an object. You never changed form. You used no wishes. You never wrote Elbereth's name. You never encountered a bones level. You never used any Sokoban shortcuts. Dungeon overview: The Dungeons of Doom: levels 1 to 4 Level 1 a fountain a long staircase Level 2 a general store, a fountain Level 3 a scroll shop, a fountain Level 4 stairs to The Gnomish Mines The Gnomish Mines: levels 5 to 10 Level 5 stairs to The Dungeons of Doom Level 8 many shops, a temple to Amaterasu Omikami, a magic chest, some fountains Level 10 <- You were here History has recorded: On T:1 you entered the Dungeons of Doom to retrieve the Amulet of Yendor! On T:409 you reached level 2 of The Dungeons of Doom. On T:717 you reached level 3 of The Dungeons of Doom. On T:765 you advanced to experience level 2. On T:799 you advanced to experience level 3. On T:910 you advanced to experience level 4. On T:940 you reached level 4 of The Dungeons of Doom. On T:1157 you reached level 1 of The Gnomish Mines. On T:1173 you advanced to experience level 5. On T:1231 you advanced to experience level 6. On T:1331 you reached level 2 of The Gnomish Mines. On T:1364 you reached level 3 of The Gnomish Mines. On T:1404 you advanced to experience level 7. On T:1554 you reached level 4 of The Gnomish Mines. On T:1848 you advanced to experience level 8. On T:2434 you reached level 5 of The Gnomish Mines. On T:2451 you advanced to experience level 9. On T:2735 you reached level 6 of The Gnomish Mines. Latest messages: [HP+1=89] You see here a towel. [HP+1=90] You hear crashing rock. [HP+1=91] [HP+1=92] [HP+1=93] You see here a red gem. [HP+1=94] The rust monster touches you! Your pair of gauntlets of power rusts further! The rust monster touches you! Your pair of iron shoes rusts! [HP+1=95] You hit the rust monster! Your katana rusts! The rust monster touches you! Your pair of gauntlets of power rusts completely! The rust monster touches you! Your orcish helm rusts! The rust monster touches you! Your orcish helm rusts further! The rust monster touches you! Your orcish helm rusts completely! Final status: Sayonara Lorskel the Samurai... You quit in The Gnomish Mines on dungeon level 10 with 8258 points, and 58 pieces of gold, after 2948 moves. You were level 9 with a maximum of 106 hit points when you quit.